 Dungeon Crawl Stone Soup version 0.30-a0-365-ge7f957f1db (webtiles) character file.

Game seed: 16551265217145817468

263 MachoJfn the Trooper (level 5, 0/42 HPs)
             Began as a Demonspawn Berserker on Nov 17, 2022.
             Was a Believer of Trog.
             Slain by a hobgoblin
             ... wielding a +0 club
              (2 damage)
             ... on level 4 of the Dungeon.
             The game lasted 00:15:52 (2658 turns).

MachoJfn the Trooper (Demonspawn Berserker)         Turns: 2658, Time: 00:15:52

Health: 0/42       AC:  2    Str: 19    XL:     5   Next: 98%
Magic:  5/5        EV: 12    Int: 14    God:    Trog [**....]
Gold:   142        SH:  0    Dex: 13    Spells: 4/4 levels left

rFire   . . .      SeeInvis .    d - +2 mace (protect)
rCold   . . .      Faith    .    (no shield)
rNeg    . . .      Spirit   .    b - +0 animal skin
rPois   .          Reflect  .    (no helmet)
rElec   .          Harm     .    (no cloak)
rCorr   .          Rampage  .    (no gloves)
Will    .....                    (no boots)
Stlth   ++........               (no amulet)
HPRegen 0.27/turn                f - +6 ring of intelligence
MPRegen 0.09/turn                (no ring)

@: about to teleport, on berserk cooldown, slowed, very slow
A: weakness stinger 1
a: Renounce Religion, Berserk, Trog's Hand


You were on level 4 of the Dungeon.
You worshipped Trog.
Trog was pleased with you.
You visited 1 branch of the dungeon, and saw 4 of its levels.

You collected 142 gold pieces.

Inventory:

Hand Weapons
 d - a +2 mace of protection (weapon)
Armour
 b - a +0 animal skin (worn)
Jewellery
 f - a +6 ring of intelligence (left hand)
Scrolls
 c - a scroll of torment {unknown}
 e - 2 scrolls of teleportation
 g - a scroll of enchant weapon {unknown}
 i - 4 scrolls of poison
 m - a scroll of summoning {unknown}
 o - a scroll of magic mapping {unknown}
Potions
 h - a potion of attraction {unknown}
 j - 2 potions of magic
 k - a potion of curing {unknown}
 l - a potion of degeneration {unknown}
 n - a potion of mutation
 p - a potion of might {unknown}
 q - a potion of resistance {unknown}


   Skills:
 + Level 4.0 Fighting
 + Level 3.2(3.8) Axes
 + Level 3.1(3.8) Maces & Flails
 + Level 1.8 Armour
 + Level 2.7 Dodging
 + Level 1.8 Stealth


You had 4 spell levels left.
You didn't know any spells.
Your spell library contained the following spells:

 Spells                   Type           Power      Damage    Failure   Level
 Airstrike                Air            0%         2d(0-16)  96%         4
 Manifold Assault         Tloc           0%         N/A       96%         4
 Summon Lightning Spire   Summ/Air       0%         N/A       96%         4
 Lightning Bolt           Conj/Air       0%         1d11      100%        5
 Death Channel            Necr           0%         N/A       100%        6
 Dispersal                Tloc           0%         N/A       100%        6
 Simulacrum               Ice/Necr       0%         N/A       100%        6
 Disjunction              Tloc           0%         N/A       100%        8
 Infestation              Necr           0%         N/A       100%        8


Dungeon Overview and Level Annotations

Branches:
Dungeon (4/15)
 Temple: D:4-7

Altars:
Fedhas
Sif Muna

Shops:
D:1 *


Innate Abilities, Weirdness & Mutations

You have a small tail.


Message History

You are no longer berserk.
You are exhausted.
You feel yourself slow down.
The orc wizard hits you but does no damage.
Something hits you. The hobgoblin closely misses you.
You barely miss something.
The orc wizard hits you but does no damage.
Something hits you but does no damage. The hobgoblin barely misses you.
You miss something. Your punch misses something.
The orc wizard gestures at you while chanting.
The puff of flame hits you! Something hits you.
The hobgoblin hits you with a +0 club. The orc wizard misses you.
You hear some strange, mumbled words.
A magic dart appears from out of thin air!
The magic dart hits you. The hobgoblin hits you with a +0 club.
* * * LOW HITPOINT WARNING * * *
You hit something. Trog accepts your kill.
Trog appreciates your killing of a magic user.
Reactivating autopickup.
You feel a bit more experienced.
A goblin comes into view. It is wielding a +0 club.
The orc wizard completely misses you. The hobgoblin completely misses you.
The orc wizard hits you but does no damage.
The hobgoblin hits you but does no damage.
Your Maces & Flails skill increases to level 3!
There are monsters nearby!
As you read the scroll of teleportation, it crumbles to dust.
You feel strangely unstable. The orc wizard misses you.
The hobgoblin misses you.
The orc wizard attacks as you move away!
The orc wizard hits you but does no damage.
The goblin shouts!
The orc wizard casts a spell at you. The puff of flame hits you!
* * * LOW HITPOINT WARNING * * *
The hobgoblin hits you with a +0 club.
* * * LOW HITPOINT WARNING * * *
The hobgoblin attacks as you move away! The hobgoblin hits you with a +0 club.
You die...

~≈~≈~......~~~≈~~~~≈~~~≈≈~~~~~
~~≈≈~~.....~≈≈≈≈≈≈≈≈≈≈≈≈~≈≈≈≈≈
≈≈≈≈≈~.))..~≈≈≈≈≈≈≈≈≈≈≈≈≈≈≈≈≈≈
#####')#####################
#....# #....# .
#....#########...
#......#..o.......
+......+.@gg....[.
#..g...#..))......
##....#########... #....# .
#....# ######


You could see an orc wizard, a hobgoblin and a goblin.

Vanquished Creatures
  A black bear (D:4)
  Terence (D:2)
  An orc wizard (D:4)
  3 adders
  A gnoll (D:4)
  A worm (D:2)
  2 dart slugs (D:2)
  2 orcs (D:4)
  7 endoplasms
  2 giant cockroaches
  8 goblins
  8 hobgoblins
  8 jackals (D:1)
  A quokka (D:1)
  6 ball pythons
  9 bats
  3 frilled lizards (D:1)
  8 kobolds
  7 rats
79 creatures vanquished.

Vanquished Creatures (others)
  A plant (D:4)
1 creature vanquished.

Grand Total: 80 creatures vanquished

Notes
Turn   | Place    | Note
-------+----------+-------------------------------------------
     0 | D:1      | MachoJfn the Demonspawn Berserker began the quest for the
                  | Orb.
     0 | D:1      | Reached XP level 1. HP: 18/18 MP: 1/1
   264 | D:1      | Gained mutation: You have a small tail. [demonic ancestry]
   264 | D:1      | Reached XP level 2. HP: 24/24 MP: 2/2
   544 | D:1      | Reached XP level 3. HP: 29/29 MP: 3/3
   695 | D:1      | Found Biv Cope's General Store.
   719 | D:1      | Reached ** piety under Trog
  1052 | D:2      | Noticed Terence
  1077 | D:2      | Killed Terence
  1078 | D:2      | Reached skill level 1 in Maces & Flails
  1078 | D:2      | Reached XP level 4. HP: 37/37 MP: 4/4
  1088 | D:2      | Reached skill level 1 in Stealth
  1423 | D:2      | You fall into a shaft and drop 2 floors!
  1767 | D:2      | Got Kikubaaqudgha's Compilation of the Dead
  2009 | D:3      | Found a blossoming altar of Fedhas.
  2493 | D:3      | Found a shimmering blue altar of Sif Muna.
  2636 | D:4      | Noticed a black bear
  2641 | D:4      | Killed a black bear
  2642 | D:4      | Reached skill level 4 in Fighting
  2642 | D:4      | Reached XP level 5. HP: 42/42 MP: 5/5
  2657 | D:4      | HP: 2/42 [hobgoblin/+0 club (4)]
  2658 | D:4      | Slain by a hobgoblin

Illustrated notes

Levels and vault maps discovered:
D:1:      mushboom_english_gardens, layout_loops_corners, serial_shops, shop
D:2:      layout_rooms, amcnicky_mini_pool_small, minmay_pentomino_v2,
          uniq_terence
D:3:      layout_loops_cross, old_standard_altar, overflow_temple_1_default,
          chequers_serial_rivers_micro_d, st_stairs_12
D:4:      minmay_goblin_kobold_castle, layout_rooms,
          mainiacjoe_overflow_small_starburst,
          minmay_temple_entry_gardened_gates, uniq_blork_the_orc

Skill      XL: |  1  2  3  4  5 |
---------------+----------------+-----
Dodging        | 2 |  2.7
Axes           | 3 |  3.2
Maces & Flails | 1 2 3 |  3.1
Stealth        | 1 |  1.8
Fighting       | 4 |  4.0
Armour         | |  1.8

Action                   |  1- 3 |  4- 6 || total
-------------------------+-------+-------++-------
Melee: Hand axe          |    35 |       ||    35
       Mace              |    75 |    97 ||   172
       Tailslap          |     9 |    11 ||    20
Invok: Berserk           |       |     1 ||     1
  Use: Scroll            |     1 |     5 ||     6
       Potion            |       |     1 ||     1
 Stab: Sleeping          |     1 |     3 ||     4
Armor: Animal skin       |    32 |    51 ||    83
Dodge: Dodged            |    84 |    91 ||   175

Table legend: (Time is in decaauts)
 A = Elapsed time spent in this place.
 B = Non-inter-level travel time spent in this place.
 C = Inter-level travel time spent in this place.
 D = Time resting spent in this place.
 E = Time spent auto-exploring this place.
 F = Levels seen in this place.
 G = Mean time per level.
                   A        B        C        D        E       F      G
               +--------+--------+--------+--------+--------+-----+--------+
         Total |   2691 |   1786 |    905 |    242 |    969 |   4 |  672.8 |
       Dungeon |   2691 |   1786 |    905 |    242 |    969 |   4 |  672.8 |
               +--------+--------+--------+--------+--------+-----+--------+

Top non-repeatable levels by time:
     D:1: 1056 daAuts
     D:3: 812 daAuts
     D:2: 604 daAuts
     D:4: 218 daAuts
